 Dungeon Crawl Stone Soup version 0.29-a0-284-gf9362112df (webtiles) character file.

Game seed: 17114220771855423462

7910 being54 the Severer (level 11, -4/99 HPs)
             Began as a Hill Orc Monk on Mar 23, 2022.
             Was an Elder of Beogh.
             Drowned by a quicksilver ooze (8 damage)
             ... in a Gauntlet.
             The game lasted 00:27:01 (11150 turns).

being54 the Severer (Hill Orc Monk)                Turns: 11150, Time: 00:27:02

Health: -4/99      AC: 22    Str: 19    XL:     11   Next: 22%
Magic:  0/16       EV:  7    Int: 10    God:    Beogh [****..]
Gold:   541        SH:  0    Dex: 13    Spells: 10/10 levels left

rFire   . . .      SeeInvis .   k - +3 broad axe (vamp)
rCold   . . .      Faith    .   (no shield)
rNeg    . . .      Spirit   .   z - +2 plate armour
rPois   .          Reflect  .   f - +1 helmet
rElec   .          Harm     .   F - scarf {+Inv}
rCorr   +          Rampage  .   s - +1 pair of gloves
Will    .....      NoTele   +   D - +0 pair of boots
Stlth   ..........              (no amulet)
HPRegen 0.26/turn               G - ring of resist corrosion
MPRegen 0.15/turn               (no ring)

@: engulfed (cannot breathe), studying Axes
A: no striking features
a: Renounce Religion, Evoke Invisibility, Smiting, Recall Orcish Followers


You were in a Gauntlet.
You worshipped Beogh.
Beogh was greatly pleased with you.
You visited 2 branches of the dungeon, and saw 12 of its levels.
You also visited: Gauntlet.

You collected 541 gold pieces.

Inventory:

Hand Weapons
 k - a +3 vampiric broad axe (weapon)
 p - a +1 mace of protection
 u - a +2 battleaxe
Missiles
 H - a throwing net (quivered)
Armour
 f - a +1 helmet (worn)
 q - a +1 plate armour of cold resistance
 s - a +1 pair of gloves (worn)
 v - a +4 chain mail
 z - a +2 plate armour (worn)
 D - a +0 pair of boots (worn)
 F - a scarf of invisibility (worn)
Jewellery
 G - a ring of resist corrosion (left hand)
Wands
 n - a wand of acid (8)
 w - a wand of paralysis (5)
 y - a wand of iceblast (5)
 A - a wand of charming (4)
 B - a wand of mindburst (17)
 E - a wand of flame (2)
 I - a wand of digging (4)
Scrolls
 i - 3 scrolls of amnesia
 j - 5 scrolls of teleportation
 C - a scroll of fog
Potions
 a - a potion of cancellation
 b - a potion of attraction
 c - 2 potions of ambrosia
 d - a potion of lignification {unknown}
 e - 4 potions of brilliance
 g - 2 potions of might
 h - 2 potions of curing {unknown}
 l - 4 potions of heal wounds
 m - 2 potions of mutation
 o - 2 potions of degeneration {unknown}
 r - a potion of flight {unknown}
 t - 3 potions of haste {unknown}
 x - a potion of invisibility {unknown}


   Skills:
 - Level 10.0 Fighting
 + Level 16.6 Axes
 - Level 10.0 Armour
 - Level 2.4 Dodging
 - Level 1.6 Stealth
 - Level 7.0 Invocations


You had 10 spell levels left.
You didn't know any spells.
Your spell library contained the following spells:

 Spells                   Type           Power      Damage    Failure   Level
 Apportation              Tloc           0%         N/A       100%        1
 Freeze                   Ice            0%         1d3       100%        1
 Conjure Flame            Conj/Fire      0%         6-21      100%        3
 Frozen Ramparts          Ice            0%         1d2       100%        3
 Ignite Poison            Fire/Tmut/Pois 0%         N/A       100%        3
 Mephitic Cloud           Conj/Pois/Air  0%         N/A       100%        3
 Stone Arrow              Conj/Erth      0%         3d7       100%        3
 Animate Armour           Summ/Erth      0%         N/A       100%        4
 Fulminant Prism          Conj/Hex       0%         3d6       100%        4
 Hailstorm                Conj/Ice       0%         3d3       100%        4
 Iskenderun's Mystic Bla  Conj/Tloc      0%         2d3       100%        4
 Sticky Flame             Conj/Fire      0%         2d3       100%        4
 Alistair's Intoxication  Tmut/Pois      0%         N/A       100%        5
 Fireball                 Conj/Fire      0%         3d3       100%        5
 Freezing Cloud           Conj/Ice/Air   0%         6-21      100%        5
 Iskenderun's Battlesphe  Conj           0%         2d6       100%        5
 Lee's Rapid Deconstruct  Erth           0%         3d5*      100%        5
 Iron Shot                Conj/Erth      0%         9d1       100%        6
 Starburst                Conj/Fire      0%         6d3       100%        6
 Spellforged Servitor     Conj/Summ      0%         N/A       100%        7
 Ignition                 Fire           0%         3d3       100%        8
 Lehudib's Crystal Spear  Conj/Erth      0%         10d2      100%        8


Dungeon Overview and Level Annotations

Branches:
Dungeon (11/15)            Temple (1/1) D:7            Lair (0/6) D:8
Gauntlet (1/1)
    Orc: D:9-12

Altars:
Ashenzari
Cheibriados
Dithmenos
Elyvilon
Fedhas
Gozag
Hepliaklqana
Kikubaaqudgha
Makhleb
Nemelex Xobeh
Okawaru
Qazlal
Ru
Sif Muna
Trog
Uskayaw
Vehumet
Wu Jian
Xom
Yredelemnul
Zin
The Shining One

Shops:
D:7 [   D:8 *

Annotations:
Gauntlet 14 runed translucent doors, 8 transporters, exclusion: obsidian statue


Message History

The quicksilver ooze hits you. x2
You feel your power leaking away.
You slice the quicksilver ooze!!
The quicksilver ooze is almost dead.
Your lungs strain for air!
The quicksilver ooze hits you. x2
You feel your power leaking away.
You barely miss the quicksilver ooze.
The quicksilver ooze is almost dead.
Your lungs strain for air!
The quicksilver ooze barely misses you.
The quicksilver ooze closely misses you.
The quicksilver ooze hits you.
The quicksilver ooze hits you but does no damage.
You miss the quicksilver ooze.
The quicksilver ooze is almost dead.
Your lungs strain for air!
The quicksilver ooze hits you.
The quicksilver ooze hits you but does no damage.
You barely miss the quicksilver ooze.
The quicksilver ooze is severely wounded.
Your lungs strain for air!
The flying skull gives a hideous shriek!
The quicksilver ooze hits you. The quicksilver ooze barely misses you.
You closely miss the quicksilver ooze.
The quicksilver ooze is severely wounded.
Your lungs strain for air!
The quicksilver ooze hits you. The quicksilver ooze hits you!
* * * LOW HITPOINT WARNING * * *
You feel your power leaking away.
You miss the quicksilver ooze.
The quicksilver ooze is severely wounded.
* * * LOW HITPOINT WARNING * * *
Your lungs strain for air!
The quicksilver ooze hits you. The quicksilver ooze hits you!
* * * LOW HITPOINT WARNING * * *
The quicksilver ooze hits you. The quicksilver ooze hits you!
* * * LOW HITPOINT WARNING * * *
You enter the transporter and appear at another place.
You die...

#≈.............≈.............§...
#∩............≈8≈...........§8§..
#≈.............≈............§§...
#..###########...###########§§§##
#..#zzzzz....#...#.....#...#...#.
#..#.##...##.#...#..##..#..#...#.
#..#!.##.##.z#####[.#..##..#####.
#..#}..#.#.zz#..J#..##..#..#...#[
#..#©..#©..zz#©.@#§.#.©##..#©.©#©
#..#=..#.#..z#...#..##..#..#...#.
#..#..##.##..#####:.#..##..#####.
#..#.##..z##.#...#..##..#..#...#.
#..#.....z...#.8.#.....#...#.8.#.
#..###########...###########...##
#................................
#§...............................
#################################


You could see a quicksilver ooze and 6 flying skulls.

Vanquished Creatures
  Josephine (D:10)
  A tengu warrior (Gauntlet)
  A komodo dragon (D:8)
  2 tengu conjurers (Gauntlet)
  A troll (D:10)
  A wraith (D:10)
  8 yaks
  A wyvern (D:9)
  3 steam dragons
  An acid dragon (D:8)
  An ice beast (D:5)
  3 sky beasts
  3 ogres
  A centaur (D:4)
  2 kobold brigands
  Blork the orc (D:4)
  5 bullfrogs
  A scorpion (D:5)
  3 wights (D:7)
  12 killer bees
  4 howler monkeys
  5 jellies
  An orc priest (D:5)
  A gnoll shaman (D:7)
  An iron imp (D:9)
  3 orc wizards
  6 adders
  4 gnolls (D:7)
  3 shadow imps
  A white imp (D:8)
  3 ufetubi
  2 worms
  6 dart slugs
  12 orcs
  12 endoplasms
  5 giant cockroaches
  7 hobgoblins
  4 jackals (D:1)
  15 kobolds
  5 quokkas
  7 ball pythons
  10 bats
  6 frilled lizards
  7 goblins
  5 rats
187 creatures vanquished.

Vanquished Creatures (collateral kills)
  A deep elf pyromancer (D:10)
  A gargoyle (D:10)
  A komodo dragon (D:10)
  A troll (D:10)
  4 wraiths (D:10)
  A centaur (D:8)
  A wight (D:8)
  A killer bee (D:9)
  A jelly (D:8)
  2 iron imps (D:9)
  2 orcs
16 creatures vanquished.

Vanquished Creatures (others)
  3 orc warriors (D:10)
  3 orc wizards
  An orc priest (D:10)
  An ufetubus (D:5)
  An orc (D:10)
  4 fungi (Gauntlet)
  37 plants
  13 withered plants (Gauntlet)
63 creatures vanquished.

Grand Total: 266 creatures vanquished

Notes
Turn   | Place    | Note
-------+----------+-------------------------------------------
     0 | D:1      | being54 the Hill Orc Monk began the quest for the Orb.
     0 | D:1      | Reached XP level 1. HP: 19/19 MP: 1/1
   235 | D:1      | Reached XP level 2. HP: 25/27 MP: 2/2
   661 | D:1      | Reached skill level 5 in Axes
   661 | D:1      | Reached XP level 3. HP: 33/33 MP: 3/3
  1374 | D:2      | Identified a scroll of acquirement
  1374 | D:2      | Acquired a +3 vampiric broad axe
  1394 | D:2      | Reached XP level 4. HP: 41/41 MP: 4/4
  1814 | D:3      | Found a faded altar of an unknown god.
  1824 | D:3      | Reached skill level 6 in Axes
  1920 | D:3      | Reached XP level 5. HP: 47/47 MP: 5/5
  2842 | D:4      | Noticed an ogre
  2843 | D:4      | Found a hide-covered altar of Uskayaw.
  2849 | D:4      | Killed an ogre
  2850 | D:4      | Reached skill level 5 in Fighting
  2850 | D:4      | Reached skill level 7 in Axes
  2850 | D:4      | Reached skill level 1 in Armour
  2850 | D:4      | Reached XP level 6. HP: 41/56 MP: 6/6
  3016 | D:4      | Noticed Blork the orc
  3024 | D:4      | Killed Blork the orc
  3078 | D:4      | Noticed a sky beast
  3089 | D:4      | Killed a sky beast
  3090 | D:4      | Reached XP level 7. HP: 54/64 MP: 7/7
  3462 | D:5      | Entered Level 5 of the Dungeon
  3519 | D:5      | Became a worshipper of Beogh the Brigand
  3519 | D:5      | Reached * piety under Beogh
  3519 | D:5      | Reached ** piety under Beogh
  3647 | D:5      | Found an ornate altar of the Wu Jian Council.
  3909 | D:5      | Reached skill level 5 in Armour
  3921 | D:5      | Reached skill level 1 in Invocations
  4321 | D:5      | Reached XP level 8. HP: 68/73 MP: 9/9
  4842 | D:6      | Reached skill level 8 in Axes
  5001 | D:6      | Noticed a yak
  5001 | D:6      | Noticed a yak
  5002 | D:6      | Noticed a yak
  5015 | D:6      | Killed a yak
  5016 | D:6      | Reached skill level 5 in Invocations
  5017 | D:6      | Noticed a yak
  5021 | D:6      | Killed a yak
  5022 | D:6      | Reached skill level 9 in Axes
  5029 | D:6      | Killed a yak
  5035 | D:6      | Killed a yak
  5036 | D:6      | Reached XP level 9. HP: 28/79 MP: 12/14
  5091 | D:6      | Reached skill level 10 in Axes
  5618 | D:7      | Found a blossoming altar of Fedhas.
  5934 | D:7      | Reached *** piety under Beogh
  6159 | D:7      | Found Razypeud's Armour Shop.
  6481 | D:7      | Found a staircase to the Ecumenical Temple.
  6490 | Temple   | Entered the Ecumenical Temple
  6905 | D:8      | Found Ojiteih's General Store.
  7189 | D:8      | Noticed a komodo dragon
  7201 | D:8      | Killed a komodo dragon
  7286 | D:8      | Reached skill level 11 in Axes
  7892 | D:8      | Found a staircase to the Lair.
  8022 | D:8      | Reached XP level 10. HP: 90/90 MP: 15/15
  8558 | D:9      | Found a bloodstained altar of Trog.
  8617 | D:9      | Found a burning altar of Makhleb.
  8916 | D:9      | Found a sacrificial altar of Ru.
  9295 | D:10     | Entered Level 10 of the Dungeon
  9357 | D:10     | Reached skill level 12 in Axes
  9519 | D:10     | Acquired a manual of Axes
  9645 | D:10     | Found a sparkling altar of Nemelex Xobeh.
  9655 | D:10     | Found a radiant altar of Vehumet.
  9975 | D:10     | Found a hazy altar of Hepliaklqana.
 10020 | D:10     | Noticed a deep elf pyromancer
 10027 | D:10     | Killed a deep elf pyromancer
 10028 | D:10     | Reached skill level 10 in Armour
 10078 | D:10     | Noticed Josephine
 10085 | D:10     | Reached **** piety under Beogh
 10089 | D:10     | Killed Josephine
 10090 | D:10     | Reached skill level 10 in Fighting
 10090 | D:10     | Reached skill level 13 in Axes
 10100 | D:10     | Reached skill level 14 in Axes
 10100 | D:10     | Reached XP level 11. HP: 44/99 MP: 16/16
 10685 | D:10     | Reached skill level 15 in Axes
 10798 | D:11     | Found a gate leading to a gauntlet.
 10807 | Gauntlet | Entered a Gauntlet
 10807 | Gauntlet | Noticed a tengu warrior
 10807 | Gauntlet | Noticed a tengu warrior
 10807 | Gauntlet | Found a large runed translucent door.
 10807 | Gauntlet | Found a large runed translucent door.
 10807 | Gauntlet | Found a large runed translucent door.
 10807 | Gauntlet | Found a large runed translucent door.
 10807 | Gauntlet | Found a large runed translucent door.
 10807 | Gauntlet | Found a large runed translucent door.
 10807 | Gauntlet | Found a large runed translucent door.
 10807 | Gauntlet | Found a large runed translucent door.
 10807 | Gauntlet | Found a runed translucent door.
 10807 | Gauntlet | Found a runed translucent gate.
 10807 | Gauntlet | Found a transporter.
 10807 | Gauntlet | Found a transporter.
 10807 | Gauntlet | Found a runed translucent gate.
 10807 | Gauntlet | Found a transporter.
 10808 | Gauntlet | Found a transporter.
 10811 | Gauntlet | Found a transporter.
 10811 | Gauntlet | Found a transporter.
 10818 | Gauntlet | Noticed a quicksilver ooze
 10827 | Gauntlet | Found a runed translucent gate.
 10827 | Gauntlet | Found a runed translucent door.
 10829 | Gauntlet | Found a large runed translucent door.
 10829 | Gauntlet | Found a large runed translucent door.
 10833 | Gauntlet | Noticed an obsidian statue
 10834 | Gauntlet | Found a transporter.
 10836 | Gauntlet | Found a transporter.
 10838 | Gauntlet | Found a transporter.
 10854 | Gauntlet | Found a transporter.
 10855 | Gauntlet | Noticed a reaper
 10856 | Gauntlet | Found a transporter.
 10872 | Gauntlet | Found a transporter.
 10922 | Gauntlet | Found a large runed translucent door.
 10922 | Gauntlet | Found a large runed translucent door.
 10923 | Gauntlet | Found a large runed translucent door.
 10923 | Gauntlet | Found a large runed translucent door.
 10924 | Gauntlet | Found a large runed translucent door.
 10924 | Gauntlet | Found a large runed translucent door.
 11103 | Gauntlet | Killed a tengu warrior
 11104 | Gauntlet | Reached skill level 16 in Axes
 11121 | Gauntlet | Identified the -5 helmet "Azashoti" {Int+3}
 11149 | Gauntlet | HP: 4/99 [quicksilver ooze (10)]
 11150 | Gauntlet | Drowned by a quicksilver ooze

Illustrated notes

Levels and vault maps discovered:
D:1:      dpeg_arrival_fog, layout_basic, minivault_27, minmay_fountain_box,
          serial_bayou_pond_d, minivault_4, chequers_avenue
D:2:      layout_rooms
D:3:      wad_crossroads, layout_basic, hellmonk_ecumenical_altar_arch_garden
D:4:      layout_basic, lemuel_doored_altar, kennysheep_generic_room_11,
          uniq_blork_the_orc
D:5:      layout_loops_cross, nzn_wu_jian_contemplation
D:6:      layout_cave_pools, chequers_serial_rivers_micro_d
D:7:      dreamdust_elfheim, layout_gridville, lemuel_round_altar,
          minmay_temple_entry_overgrown, serial_shops, nicolae_shop_trees,
          chequers_serial_rivers_small_a, kennysheep_generic_room_13
D:8:      layout_cave_pods, david_lair_shrubbed, serial_shops, shop,
          grunt_tough_drop
D:9:      layout_basic, demons_altar, trog_three_pillars_becter,
          nicolae_ru_great_annihilating_truth
D:10:     layout_irregular_city, mainiacjoe_overflow_big_doors,
          lemuel_tele_altar, grunt_ogre_cave, minmay_microvault, uniq_josephine
D:11:     layout_rooms, gauntlet_entry_generic
Temple:   cyrus_circular_temple
Gauntlet: gammafunk_gauntlet_hard_choice [gammafunk_gauntlet_arena_hedges,
          minmay_gauntlet_arena_make_your_own_arena,
          gammafunk_gauntlet_arena_spirals, gammafunk_gauntlet_arena_teeth,
          gammafunk_gauntlet_arena_arrow_garden,
          gammafunk_gauntlet_arena_split_x, gauntlet_exit_green]

Skill      XL: |  1  2  3  4  5  6  7  8  9 10 11 |
---------------+----------------------------------+-----
Fighting       | 4 5 6 7 8 10 | 10.0
Axes           | 5 6 7 9 11 14 16 | 16.6
Armour         | 1 3 5 8 10 | 10.0
Invocations    | 2 6 7 |  7.0
Dodging        | |  2.4
Stealth        | |  1.6

Action                   |  1- 3 |  4- 6 |  7- 9 | 10-12 || total
-------------------------+-------+-------+-------+-------++-------
Melee: Hand axe          |   145 |       |       |       ||   145
       Broad axe         |     8 |   101 |   254 |   172 ||   535
       Punch             |       |       |     2 |     4 ||     6
Invok: Convert to Beogh  |       |       |     1 |       ||     1
       Recall Orcish Fol |       |       |       |     1 ||     1
  Use: Scroll            |     5 |     4 |    10 |     4 ||    23
       Potion            |       |     1 |       |       ||     1
 Stab: Distracted        |       |       |     1 |       ||     1
       Paralysed         |       |       |       |     1 ||     1
Armor: Chain mail        |   126 |    65 |   179 |    29 ||   399
       Plate armour      |       |       |       |   136 ||   136
Dodge: Dodged            |    53 |    43 |   108 |    73 ||   277

Table legend: (Time is in decaauts)
 A = Elapsed time spent in this place.
 B = Non-inter-level travel time spent in this place.
 C = Inter-level travel time spent in this place.
 D = Time resting spent in this place.
 E = Time spent auto-exploring this place.
 F = Levels seen in this place.
 G = Mean time per level.
                   A        B        C        D        E       F      G
               +--------+--------+--------+--------+--------+-----+--------+
         Total |  11254 |  10780 |    474 |   2187 |   6842 |  13 |  865.7 |
       Dungeon |  10864 |  10399 |    465 |   2187 |   6664 |  11 |  987.6 |
        Temple |     51 |     42 |      9 |      0 |     34 |   1 |   51.0 |
      Gauntlet |    338 |    338 |      0 |      0 |    144 |   1 |  338.0 |
               +--------+--------+--------+--------+--------+-----+--------+

Top non-repeatable levels by time:
     D:8: 1765 daAuts
    D:10: 1468 daAuts
     D:5: 1323 daAuts
     D:7: 1113 daAuts
     D:1: 998 daAuts
     D:3: 956 daAuts
     D:9: 866 daAuts
     D:2: 774 daAuts
     D:4: 772 daAuts
     D:6: 770 daAuts
Gauntlet: 338 daAuts
    D:11: 55 daAuts
  Temple: 51 daAuts
